 Dungeon Crawl Stone Soup version 0.24-b1-30-g840c9efd86 (webtiles) character file.

Game seed: 17442832120039888487, levelgen mode: deterministic

123613 Mesmaeker13 the Unseen (level 17, -6/145 HPs)
             Began as a Kobold Assassin on Oct 23, 2019.
             Was the Champion of Hepliaklqana.
             Shot with a bolt by a naga sharpshooter (14 damage)
             ... led by Vashnia
             ... on level 3 of the Snake Pit.
             The game lasted 01:44:46 (40503 turns).

Mesmaeker13 the Unseen (Kobold Assassin)           Turns: 40503, Time: 01:44:48

Health: -6/145     AC: 13    Str: 23    XL:     17   Next: 45%
Magic:  24/24      EV: 29    Int: 13    God:    Hepliaklqana [******]
Gold:   2836       SH: 10    Dex: 19    Spells: 13/26 levels left

rFire    . . .     SeeInvis .   H - +7 long sword "Mefankao" {slice, Str+4}
rCold    . . .     Gourm    .   O - +0 buckler
rNeg     . . .     Faith    .   C - +4 leather armour of Tulips {rElec MR+ Str+4 Dex-2}
rPois    +         Spirit   .   (no helmet)
rElec    +         Reflect  +   Q - +1 cloak
rCorr    .         Harm     .   b - +1 pair of gloves
MR       +++..                  N - +0 pair of boots
Stlth    ..........             Z - +3 amulet of reflection
HPRegen  0.34/turn              p - ring of poison resistance
MPRegen  0.19/turn              U - ring of protection from magic

@: berserking (expiring), lethally poisoned (-6 -> -7), very quick
A: small, reduced essence, carnivore
a: Recall Ancestor, Ancestor Identity, Transference, Idealise, Renounce Religion


You were on level 3 of the Snake Pit.
You worshipped Hepliaklqana.
Hepliaklqana was exalted by your worship.
You were full.

You visited 5 branches of the dungeon, and saw 27 of its levels.
You also visited: Ossuary.

You collected 2975 gold pieces.
You spent 139 gold pieces at shops.

Inventory:

Hand Weapons
 h - a +6 dagger
 u - a +1 antimagic rapier
 H - the +7 long sword "Mefankao" (weapon) {slice, Str+4}
   (You found it on level 6 of the Lair of Beasts)

   It inflicts extra damage upon your enemies.
   It affects your strength (+4).
Missiles
 g - 2 curare-tipped darts
 j - 48 poisoned darts
 v - 4 silver boomerangs
 J - 10 atropa-tipped darts (quivered)
Armour
 b - a +1 pair of gloves (worn)
 C - the +4 leather armour of Tulips (worn) {rElec MR+ Str+4 Dex-2}
   (You found it on level 4 of the Dungeon)

   It affects your strength (+4).
   It affects your dexterity (-2).
   It insulates you from electricity.
   It affects your resistance to hostile enchantments.
 N - a +0 pair of boots (worn)
 O - a +0 buckler (worn)
 Q - a +1 cloak (worn)
 V - the +1 ring mail of Xifucyih {rElec Int+3 SInv}
   (You found it on level 12 of the Dungeon)

   It affects your intelligence (+3).
   It insulates you from electricity.
   It lets you see invisible.
Jewellery
 d - an uncursed ring of flight
 p - a ring of poison resistance (left hand)
 s - an uncursed ring of resist corrosion
 F - an uncursed ring of protection from cold
 M - the ring "Zuoje" {rF- rN+ AC+3 Slay+2}
   (You found it on level 9 of the Dungeon)

   [ring of protection]

   It affects your AC (+3).
   It affects your accuracy and damage with ranged weapons and melee attacks
   (+2).
   It makes you vulnerable to fire.
   It protects you from negative energy.
 U - a ring of protection from magic (right hand)
 Z - a +3 amulet of reflection (around neck)
Wands
 i - a wand of polymorph (8)
 x - a wand of digging (6)
Scrolls
 c - 5 scrolls of magic mapping
 w - a scroll of vulnerability
 y - 2 scrolls of fog
 B - 6 scrolls of teleportation
 D - 4 scrolls of blinking
 G - a scroll of amnesia
 L - a scroll of summoning
 Y - 3 scrolls of remove curse
Potions
 e - a potion of haste {unknown}
 k - 4 potions of flight
 l - 3 potions of resistance
 n - a potion of experience {unknown}
 o - 2 potions of agility
 q - 6 potions of magic
 r - 2 potions of heal wounds
 t - a potion of curing
 z - 2 potions of might
 E - a potion of invisibility {unknown}
 I - 3 potions of mutation
 K - 5 potions of brilliance {unknown}
 W - 2 potions of ambrosia
Miscellaneous
 m - a lamp of fire (inert)
 S - a fan of gales
Comestibles
 f - 12 rations


   Skills:
 - Level 13.0 Fighting
 - Level 12.0(12.3) Short Blades
 + Level 3.0(5.9) Long Blades
 - Level 7.0 Throwing
 - Level 5.0 Armour
 - Level 16.1 Dodging
 + Level 17.9 Stealth
 - Level 5.6 Shields
 - Level 5.0 Spellcasting
 - Level 10.1 Hexes
 + Level 2.9 Charms
 + Level 7.2 Necromancy


You had 13 spell levels left.
You knew the following spells:

 Your Spells              Type           Power        Failure   Level  Hunger
a - Confuse               Hex            ####....     1%          3    ###....
b - Tukima's Dance        Hex            ####....     1%          3    ###....
c - Animate Dead          Necr           N/A          11%         4    ####...
d - Regeneration          Chrm/Necr      ###.......   8%          3    ###....

Your spell library contained the following spells:

 Spells                   Type           Power        Failure   Level  Hunger
 Animate Skeleton         Necr           N/A          1%          1    None
 Corona                   Hex            ####...      1%          1    None
 Pain                     Necr           ###.         1%          1    None
 Vampiric Draining        Necr           ###.......   3%          3    ###....
 Cause Fear               Hex            ####......   3%          4    ####...
 Ensorcelled Hibernation  Hex/Ice        ###...       4%          2    ##.....
 Dazzling Spray           Conj/Hex       ###...       8%          3    ###....
 Swiftness                Chrm/Air       #.......     17%         2    ##.....
 Magic Dart               Conj           #...         21%         1    None
 Fulminant Prism          Conj/Hex       ###.......   26%         4    ####...
 Searing Ray              Conj           #.....       30%         2    ##.....
 Mephitic Cloud           Conj/Pois/Air  #.......     52%         3    ###....
 Silence                  Hex/Air        ###.......   58%         5    ######.
 Yara's Violent Unravell  Hex/Tmut       ###.......   58%         5    ######.
 Force Lance              Conj/Tloc      #.......     90%         4    ####...
 Iskenderun's Mystic Bla  Conj           #.......     90%         4    ####...
 Alistair's Intoxication  Tmut/Pois      #.......     99%         5    ######.
 Deflect Missiles         Chrm/Air       #.........   100%        6    #######
 Dragon Form              Tmut           #.........   100%        7    #######
 Discord                  Hex            ####......   100%        8    #######


Dungeon Overview and Level Annotations

Branches:
Dungeon (15/15)            Temple (1/1) D:4            Lair (6/6) D:9
 Shoals (0/4) Lair:3        Snake (3/4) Lair:2        Slime (0/5) Lair:6
    Orc (2/2) D:10            Elf (0/3) Orc:2        Vaults (0/5) D:14
 Depths (0/5) D:15        Ossuary (visited)

Altars:
Ashenzari
Cheibriados
Dithmenos
Elyvilon
Fedhas
Gozag
Hepliaklqana
Kikubaaqudgha
Makhleb
Nemelex Xobeh
Okawaru
Qazlal
Ru
Sif Muna
Trog
Uskayaw
Vehumet
Wu Jian
Xom
Yredelemnul
Zin
The Shining One
Beogh

Shops:
D:10 [   Orc:2 (%:%%

Portals:
Pandemonium: Orc:2

Annotations:
D:10 1 transporter, Okhaekh's ghost, novice FoEE
Lair:4 exclusion: 2 oklob plants
Snake:3 Vashnia


Innate Abilities, Weirdness & Mutations

You are small and have problems with some larger weapons.
You are carnivorous and can eat meat at any time.
Your life essence is reduced to manifest your ancestor. (-10% HP)


Message History

You hit Vashnia.
Vashnia is heavily wounded.
You block Vashnia's attack. Vashnia grabs you.
* * * LOW HITPOINT WARNING * * *
Vashnia constricts you.
You miss Vashnia.
Vashnia is heavily wounded.
You feel sick.
Sizwe hits Vashnia with a +0 dagger of draining.
The naga sharpshooter casts a spell.
The naga sharpshooter magically shoots a bolt.
The bolt hits you.
* * * LOW HITPOINT WARNING * * *
You hit Vashnia.
Vashnia is heavily wounded.
You feel sick.
Vashnia blinks!
Vashnia loses her grip on you.
The naga sharpshooter mumbles some strange words.
The naga sharpshooter magically shoots a bolt.
The bolt hits you!
You die...

...##..###..............
...##.## #...............
......####>..............
..........###....##......
........... ##..(##......
........N.. #.).........
...........###...R.N.....
...........(((.(......>..
#####...N((.@ยง...###
####(....(.### ###
###........#
..#######............#
................#(.^...
.......).......####.....
..............## ###..
..Z............. .#
.Z...............


You could see the friendly Sizwe the hexer, Vashnia and a naga sharpshooter.

Vanquished Creatures
  A nagaraja (Snake:2)
  2 orc warlords (D:10)
  An ironheart preserver (D:14)
  A slime creature (D:15)
  Josephine (D:12)
  A naga warrior (Snake:3)
  6 hydras
  3 catoblepae (Lair:6)
  An anaconda (Snake:1)
  Harold (D:10)
  An anaconda (shapeshifter) (D:15)
  A death knight (D:15)
  5 centaur warriors
  A tengu warrior (D:13)
  7 two-headed ogres
  7 death yaks
  A queen ant (Lair:2)
  5 naga sharpshooters
  5 orc high priests
  A shock serpent (Snake:2)
  4 skeletal warriors
  A naga ritualist (Snake:1)
  A gelid demonspawn (Orc:2)
  A torturous demonspawn (Orc:2)
  An infernal demonspawn (Orc:2)
  8 orc knights
  Pikel (D:8)
  6 mana vipers
  6 ugly things
  An oklob plant (Lair:1)
  3 cyclopes
  2 deep elf magi
  9 orc sorcerers
  3 manticores
  4 salamanders
  21 black mambas
  A centaur zombie (D:13)
  3 naga magi
  A guardian serpent (Snake:3)
  A smoke demon (Orc:2)
  Joseph (D:7)
  A gargoyle (D:11)
  4 spiny frogs
  2 kobold demonologists
  4 centaur skeletons
  2 rime drakes
  2 komodo dragons (Lair:1)
  2 hellwings (Orc:2)
  A yaktaur (D:15)
  2 tengu conjurers
  A polar bear (Lair:6)
  9 trolls
  A hornet (D:14)
  A snapping turtle (Lair:3)
  10 blink frogs
  2 hippogriffs (D:10)
  A meliai zombie (D:14)
  2 shadows
  5 wraiths (D:12)
  A ynoxinul (Orc:2)
  3 wyverns
  64 yaks
  A hog (Lair:5)
  4 basilisks
  5 vampire mosquitoes (D:13)
  A neqoxec (Orc:2)
  Menkaure (D:5)
  6 nagas
  4 wargs
  5 soldier ants (Lair:2)
  6 water moccasins
  44 orc warriors
  A black bear (shapeshifter) (D:15)
  9 ice beasts
  5 porcupines
  A black bear (D:13)
  2 phantoms
  16 ogres
  A necrophage (D:9)
  10 wolves
  9 centaurs
  19 crocodiles
  19 big kobolds
  2 gnoll sergeants
  18 bullfrogs
  A wyvern zombie (D:14)
  A water moccasin zombie (D:8)
  3 hexers
  6 scorpions
  3 wyvern skeletons
  8 wights
  8 howler monkeys
  A bullfrog zombie (D:10)
  9 crimson imps
  5 hounds
  7 jellies
  Crazy Yiuf (D:7)
  A bullfrog skeleton (D:9)
  A gnoll shaman (D:10)
  24 orc priests
  5 iguanas
  Terence (D:2)
  22 orc wizards
  17 worker ants
  A killer bee zombie (D:6)
  5 mummies (Ossuary)
  A howler monkey zombie (D:6)
  2 worker ant zombies
  14 adders
  14 gnolls
  3 shadow imps
  10 oozes
  3 adder skeletons
  2 worms (D:2)
  3 dart slugs (D:1)
  A fire bat (D:5)
  5 leopard geckos
  75 orcs
  A spectral bat (D:5)
  A bat simulacrum (D:5)
  2 bat skeletons (D:5)
  A bat zombie (D:5)
  5 giant cockroaches
  2 gnoll zombies (Ossuary)
  20 goblins
  10 hobgoblins
  10 jackals
  4 quokkas
  A ball python (D:1)
  15 bats
  A frilled lizard (D:1)
  2 hobgoblin zombies (Ossuary)
  31 kobolds
  A kobold zombie (Ossuary)
  A leopard gecko zombie (D:5)
  An orc zombie (Ossuary)
  A quokka skeleton (D:9)
  2 quokka zombies
  7 rats
822 creatures vanquished.

Vanquished Creatures (collateral kills)
  A nagaraja (Snake:2)
  A hydra (D:15)
  A centaur warrior (D:14)
  Erica (Lair:2)
  2 anacondas (Snake:1)
  A two-headed ogre (D:15)
  A death yak (Lair:5)
  2 naga sharpshooters
  2 naga ritualists
  2 orc knights
  An ugly thing (D:14)
  3 black mambas
  A torpor snail (Lair:6)
  An orange demon (Orc:2)
  2 komodo dragons
  A rime drake (Lair:2)
  A troll (Orc:1)
  A blink frog (Lair:5)
  3 hippogriffs
  8 yaks
  A shadow (D:12)
  2 wargs (Orc:1)
  3 nagas (Snake:1)
  An ice beast (D:14)
  9 orc warriors
  A black bear (Lair:1)
  2 sky beasts
  4 wolves
  A centaur (D:14)
  2 ogres
  A necrophage (D:9)
  3 crocodiles
  2 big kobolds (D:10)
  4 bullfrogs
  A wight (D:14)
  A vampire bat (D:5)
  An electric eel (D:10)
  2 howler monkeys (D:10)
  4 jellies (Lair:1)
  2 hounds
  5 orc priests
  A bullfrog skeleton (D:13)
  An iguana (D:7)
  5 orc wizards
  2 worker ants
  3 mummies (Ossuary)
  4 gnolls
  A shadow imp (D:15)
  4 oozes (Lair:1)
  An adder skeleton (D:9)
  2 fire bats (D:5)
  22 orcs
  A spectral bat (D:5)
  A bat skeleton (D:5)
  A gnoll zombie (Ossuary)
  A hobgoblin (D:5)
  A jackal (D:6)
  3 kobolds
  A kobold zombie (Ossuary)
143 creatures vanquished.

Vanquished Creatures (others)
  Kirke (Lair:5)
  5 dancing weapons
  24 hexers
  5 ancestors
  A quokka (D:8)
  7 fungi
  12 plants
55 creatures vanquished.

Grand Total: 1020 creatures vanquished

Notes
Turn   | Place    | Note
-------+----------+-------------------------------------------
     0 | D:1      | Mesmaeker13 the Kobold Assassin began the quest for the
                  | Orb.
     0 | D:1      | Reached XP level 1. HP: 12/12 MP: 1/1
    60 | D:1      | Reached XP level 2. HP: 18/18 MP: 2/2
   534 | D:1      | Reached XP level 3. HP: 18/22 MP: 3/3
  1190 | D:2      | Reached XP level 4. HP: 27/27 MP: 4/4
  1444 | D:2      | Reached skill level 6 in Stealth
  2123 | D:2      | Noticed Terence
  2143 | D:2      | Killed Terence
  2143 | D:2      | Reached XP level 5. HP: 24/32 MP: 5/5
  2780 | D:3      | Found a sparkling altar of Nemelex Xobeh.
  2780 | D:3      | Found a shimmering altar of Xom.
  2780 | D:3      | Found a hide-covered altar of Uskayaw.
  2806 | D:3      | Found a bloodstained altar of Trog.
  3190 | D:3      | Found an opulent altar of Gozag.
  3394 | D:3      | Found a glowing golden altar of the Shining One.
  4386 | D:4      | Got a dazzling leather armour
  4388 | D:4      | Identified the +4 leather armour of Tulips {rElec MR+ Str+4
                  | Dex-2} (You found it on level 4 of the Dungeon)
  4502 | D:4      | Noticed an ogre
  4520 | D:4      | Killed an ogre
  4520 | D:4      | Reached XP level 6. HP: 38/38 MP: 6/6
  4627 | D:4      | Noticed a phantom
  4642 | D:4      | Reached skill level 7 in Stealth
  4678 | D:3      | Reached skill level 5 in Short Blades
  4678 | D:3      | Reached XP level 7. HP: 24/43 MP: 4/7
  4876 | D:4      | Found a staircase to the Ecumenical Temple.
  5650 | Temple   | Entered the Ecumenical Temple
  5680 | Temple   | Became a worshipper of Hepliaklqana the Forgotten
  6046 | D:5      | Entered Level 5 of the Dungeon
  6211 | D:5      | Reached XP level 8. HP: 22/43 MP: 4/8
  6466 | D:5      | Reached skill level 5 in Fighting
  6466 | D:5      | Reached skill level 5 in Dodging
  6466 | D:5      | Reached skill level 8 in Stealth
  6906 | D:5      | Noticed Menkaure
  6921 | D:5      | Killed Menkaure
  7259 | D:5      | Found a stormy altar of Qazlal.
  7739 | D:6      | Reached skill level 9 in Stealth
  7852 | D:6      | Reached XP level 9. HP: 46/49 MP: 7/9
  8468 | D:6      | Reached * piety under Hepliaklqana
  8514 | D:7      | Found a radiant altar of Vehumet.
  8519 | D:7      | Noticed a two-headed ogre
  9362 | D:7      | Noticed Joseph
  9416 | D:7      | Reached skill level 10 in Stealth
  9629 | D:7      | Killed Joseph
  9756 | D:7      | Found a runed translucent door.
  9757 | D:7      | Noticed Crazy Yiuf
  9851 | D:7      | Found a glowing silver altar of Zin.
 10027 | D:7      | Killed Crazy Yiuf
 10114 | D:8      | Found a sand-covered staircase.
 10134 | Ossuary  | Entered an ossuary
 10752 | D:8      | Reached XP level 10. HP: 56/56 MP: 10/10
 10866 | D:8      | Reached ** piety under Hepliaklqana
 10867 | D:8      | Remembered your ancestor Sizwe as a hexer
 10904 | D:8      | Found a white marble altar of Elyvilon.
 10905 | D:8      | Noticed Pikel
 10927 | D:8      | Killed Pikel
 10927 | D:8      | Reached skill level 11 in Stealth
 11259 | D:9      | Got a transparent ivory ring
 11261 | D:9      | Identified the ring "Zuoje" {rF- rN+ AC+3 Slay+2} (You
                  | found it on level 9 of the Dungeon)
 11352 | D:9      | Reached skill level 10 in Short Blades
 11710 | D:9      | Found a staircase to the Lair.
 12187 | D:9      | Reached skill level 12 in Stealth
 12187 | D:9      | Reached XP level 11. HP: 53/62 MP: 9/11
 12629 | D:10     | Entered Level 10 of the Dungeon
 12691 | D:10     | Reached skill level 10 in Dodging
 12905 | D:10     | Found a staircase to the Orcish Mines.
 12925 | D:10     | Found Duoxief's Antique Armour Shop.
 12951 | D:10     | Bought a buckler for 139 gold pieces
 13082 | D:10     | Noticed Harold
 13109 | D:10     | Killed Harold
 13109 | D:10     | Reached skill level 13 in Stealth
 13121 | D:10     | Reached skill level 1 in Shields
 13232 | D:10     | Reached *** piety under Hepliaklqana
 13416 | D:10     | Reached skill level 10 in Fighting
 13677 | D:10     | Found a transporter.
 13691 | D:10     | Found a transporter.
 13691 | D:10     | Noticed a moth of wrath
 13699 | D:10     | Noticed Okhaekh's ghost (novice FoEE)
 14118 | Lair:1   | Entered Level 1 of the Lair of Beasts
 14175 | Lair:1   | Reached XP level 12. HP: 57/69 MP: 9/12
 15807 | Lair:2   | Reached **** piety under Hepliaklqana
 15854 | Lair:2   | Noticed Erica
 15862 | Lair:2   | Reached skill level 14 in Stealth
 15971 | Lair:2   | Killed Erica
 16552 | Lair:2   | Noticed a seven-headed hydra
 16555 | Lair:2   | Killed a seven-headed hydra
 16561 | Lair:2   | Noticed a queen ant
 16565 | Lair:2   | Killed a queen ant
 16621 | Lair:2   | Found a staircase to the Snake Pit.
 16723 | Lair:2   | Reached XP level 13. HP: 64/75 MP: 11/13
 18000 | Lair:3   | Found a staircase to the Shoals.
 18458 | Lair:4   | Reached skill level 15 in Stealth
 18475 | Lair:4   | Reached skill level 5 in Shields
 18587 | Lair:4   | Noticed a five-headed hydra
 18602 | Lair:4   | Killed a five-headed hydra
 18727 | Lair:4   | Reached ***** piety under Hepliaklqana
 19113 | Lair:5   | Noticed Kirke
 19664 | Lair:5   | Killed Kirke
 19955 | Lair:5   | Noticed an eight-headed hydra
 19964 | Lair:5   | Killed an eight-headed hydra
 19964 | Lair:5   | Reached skill level 1 in Armour
 20169 | Lair:6   | Entered Level 6 of the Lair of Beasts
 20556 | Lair:6   | Noticed a five-headed hydra
 20579 | Lair:6   | Killed a five-headed hydra
 20637 | Lair:6   | Reached skill level 16 in Stealth
 21252 | Lair:6   | Reached XP level 14. HP: 82/82 MP: 14/14
 21456 | Lair:6   | Reached skill level 5 in Throwing
 21646 | Lair:6   | Found a staircase to the Slime Pits.
 23778 | Lair:6   | Reached skill level 17 in Stealth
 24032 | Lair:6   | Identified Sif Muna's Disquisition on Floating Moulding
 24042 | Lair:6   | Learned a level 3 spell: Confuse
 24139 | Lair:6   | Got an ichor-stained long sword
 24140 | Lair:6   | Identified the +7 long sword "Mefankao" {slice, Str+4} (You
                  | found it on level 6 of the Lair of Beasts)
 24458 | D:11     | Reached skill level 1 in Hexes
 24698 | D:11     | Reached skill level 5 in Armour
 25379 | D:12     | Noticed Josephine
 25411 | D:12     | Killed Josephine
 26357 | D:12     | Reached ****** piety under Hepliaklqana
 26825 | D:12     | Got an opal-encrusted ring mail
 26837 | D:12     | Identified the cursed +1 ring mail of Xifucyih {rElec Int+3
                  | SInv} (You found it on level 12 of the Dungeon)
 27255 | D:13     | Reached skill level 5 in Hexes
 27255 | D:13     | Reached XP level 15. HP: 86/86 MP: 15/15
 27392 | D:13     | Found a sacrificial altar of Ru.
 28369 | D:14     | Found a glowing golden altar of the Shining One.
 28385 | D:14     | Found a frozen archway.
 28791 | D:14     | Found a gate to the Vaults.
 28791 | D:14     | Noticed an ironheart preserver
 28799 | D:14     | Killed an ironheart preserver
 28799 | D:14     | Reached skill level 15 in Dodging
 28968 | D:14     | Learned a level 3 spell: Tukima's Dance
 29124 | D:15     | Entered Level 15 of the Dungeon
 29232 | D:14     | Reached skill level 1 in Spellcasting
 30160 | D:15     | Found a staircase to the Depths.
 30596 | D:15     | Reached XP level 16. HP: 90/90 MP: 22/22
 30964 | Orc:1    | Entered Level 1 of the Orcish Mines
 31291 | Orc:1    | Reached skill level 5 in Spellcasting
 31298 | Orc:1    | Learned a level 4 spell: Animate Dead
 31418 | Orc:1    | Reached skill level 1 in Necromancy
 31997 | D:10     | Reached skill level 10 in Hexes
 32379 | Orc:1    | Got a transparent whip
 32380 | Orc:1    | Identified the +10 whip "Yradaul" {slash, *Corrode rF+
                  | Int+3 Stlth+} (You found it on level 1 of the Orcish Mines)
 32632 | Orc:2    | Entered Level 2 of the Orcish Mines
 32764 | Orc:2    | Found a staircase to the Elven Halls.
 32764 | Orc:2    | Found Fyul's Food Boutique.
 33316 | Orc:2    | Found a roughly hewn altar of Beogh.
 33801 | Orc:2    | Found Soallito's Food Shoppe.
 33840 | Orc:2    | Found Somix's Food Emporium.
 35113 | Orc:2    | Reached skill level 5 in Necromancy
 36192 | Orc:2    | Found Kaar Omo's Antique Weapon Boutique.
 36192 | Orc:2    | Found Fid Temm's Book Shop.
 36192 | Orc:2    | Found a one-way gate leading to the halls of Pandemonium.
 36508 | Snake:1  | Entered Level 1 of the Snake Pit
 36723 | Snake:1  | Learned a level 3 spell: Regeneration
 37503 | Snake:1  | Reached XP level 17. HP: 45/97 MP: 12/24
 37817 | Snake:1  | Reached skill level 1 in Long Blades
 37862 | Snake:1  | Reached skill level 1 in Charms
 39634 | Snake:3  | Noticed Vashnia
 40503 | Snake:3  | Shot with a bolt by a naga sharpshooter

Skill      XL: |  1  2  3  4  5  6  7  8  9 10 11 12 13 14 15 16 17 |
---------------+----------------------------------------------------+-----
Short Blades   | 3 4 5 7 9 10 11 12 | 12.0
Dodging        | 2 3 4 6 7 9 10 12 13 15 16 | 16.1
Fighting       | 3 4 6 7 8 10 11 12 13 | 13.0
Stealth        | 6 7 9 10 12 13 14 16 17 | 17.9
Shields        | 2 4 5 |  5.6
Throwing       | 4 7 |  7.0
Armour         | 2 5 |  5.0
Hexes          | 5 9 10 | 10.1
Spellcasting   | 4 5 |  5.0
Necromancy     | 6 7 |  7.2
Long Blades    | 3 |  3.0
Charms         | 2 |  2.9

Action                   |  1- 3 |  4- 6 |  7- 9 | 10-12 | 13-15 | 16-18 || total
-------------------------+-------+-------+-------+-------+-------+-------++-------
Melee: Dagger            |    68 |   156 |   272 |   346 |  1149 |   914 ||  2905
       Short sword       |       |       |   182 |   415 |       |       ||   597
       Unarmed           |       |       |       |       |     1 |       ||     1
       Long sword        |       |       |       |       |   191 |   140 ||   331
       Scimitar          |       |       |       |       |    65 |       ||    65
Throw: Dart              |     1 |    37 |    15 |    42 |    26 |       ||   121
       Boomerang         |       |       |    19 |       |       |       ||    19
       Throwing net      |       |       |       |       |     3 |       ||     3
 Cast: Confuse           |       |       |       |       |    50 |    72 ||   122
       Tukima's Dance    |       |       |       |       |       |    42 ||    42
       Animate Dead      |       |       |       |       |       |    22 ||    22
       Regeneration      |       |       |       |       |       |    14 ||    14
Invok: Ancestor Life: He |       |       |       |     1 |       |       ||     1
       Recall Ancestor   |       |       |       |     3 |     9 |     7 ||    19
Evoke: Wand              |       |       |     5 |     5 |    19 |    16 ||    45
       Lamp of fire      |       |       |       |       |     1 |     2 ||     3
       Fan of gales      |       |       |       |       |       |     1 ||     1
  Use: Scroll            |     2 |     1 |    12 |     6 |    11 |    12 ||    44
       Potion            |       |       |     2 |     2 |     2 |    16 ||    22
 Stab: Sleeping          |    16 |     8 |    43 |    31 |    58 |    22 ||   178
       Distracted        |       |       |     2 |     8 |    20 |    19 ||    49
       Invisible         |       |       |       |    13 |     4 |       ||    17
       Confused          |       |       |       |     5 |    39 |    42 ||    86
       Held in net/web   |       |       |       |       |     3 |       ||     3
       Paralysed         |       |       |       |       |    21 |    36 ||    57
  Eat: Chunk             |     9 |    11 |    19 |    19 |    51 |    40 ||   149
       Ration            |       |       |       |       |       |     3 ||     3
Armor: Robe              |     8 |    19 |       |       |       |       ||    27
       Leather armour    |       |     7 |    63 |    63 |   110 |    86 ||   329
       Ring mail         |       |       |       |       |     9 |       ||     9
Dodge: Dodged            |    28 |   104 |   297 |   375 |   856 |   673 ||  2333
Block: Buckler           |       |       |       |    57 |   297 |   321 ||   675
       Reflection        |       |       |       |       |       |    20 ||    20
       Rpst.: Long sword |       |       |       |       |    45 |    23 ||    68
       Scimitar          |       |       |       |       |    15 |       ||    15
